 Dungeon Crawl Stone Soup version 0.29-a0-284-gf9362112df (webtiles) character file.

Game seed: 7845020756267898749

856 siradein the Skirmisher (level 8, -3/70 HPs)
             Began as a Hill Orc Hunter on Mar 17, 2022.
             Was an Initiate of Gozag.
             Slain by Blork the orc
             ... wielding a +0 trident
              (10 damage)
             ... on level 5 of the Dungeon.
             The game lasted 00:07:45 (4624 turns).

siradein the Skirmisher (Hill Orc Hunter)           Turns: 4624, Time: 00:07:46

Health: -3/70      AC:  7    Str: 14    XL:     8   Next: 2%
Magic:  0/8        EV: 12    Int: 11    God:    Gozag
Gold:   249        SH:  0    Dex: 14    Spells: 4/7 levels left

rFire   + . .      SeeInvis .   a - +1 hand crossbow
rCold   . . .      Faith    .   (no shield)
rNeg    . . .      Spirit   +   w - +0 ring mail
rPois   .          Reflect  .   (no helmet)
rElec   .          Harm     .   (no cloak)
rCorr   .          Rampage  .   o - +0 pair of gloves
Will    .....                   (no boots)
Stlth   +.........              t - amulet of guardian spirit
HPRegen 0.21/turn               m - +4 ring of slaying
MPRegen 0.11/turn               (no ring)

@: no status effects
A: claws 1, talons 1, fire resistance 1, high MP 1
a: Renounce Religion, Potion Petition, Call Merchant, Bribe Branch


You were on level 5 of the Dungeon.
You worshipped Gozag.
Gozag was aware of your devotion.
You visited 1 branch of the dungeon, and saw 5 of its levels.
You also visited: Sewer.

You collected 322 gold pieces.
You paid 73 gold pieces to Gozag.

Inventory:

Hand Weapons
 a - a +1 hand crossbow (weapon)
 b - a +3 vorpal mace
Armour
 o - a +0 pair of gloves (worn)
 w - a +0 ring mail (worn)
Jewellery
 f - a ring of resist corrosion
 g - a ring of wizardry
 m - a +4 ring of slaying (left hand)
 q - a ring of ice
 t - an amulet of guardian spirit (around neck)
Wands
 s - a wand of polymorph (11)
Scrolls
 c - a scroll of immolation
 d - a scroll of summoning
 h - a scroll of magic mapping
 k - a scroll of teleportation {unknown}
 n - a scroll of fog {unknown}
 p - a scroll of amnesia
 r - a scroll of blinking {unknown}
Potions
 e - a potion of ambrosia
 i - a potion of flight
 j - 3 potions of haste
 l - 5 potions of curing
 u - a potion of might {unknown}
 v - a potion of magic {unknown}
 x - 2 potions of heal wounds


   Skills:
 + Level 5.7 Fighting
 + Level 5.3 Crossbows
 + Level 4.6 Armour
 + Level 3.9 Dodging
 - Level 0.7 Stealth


You had 4 spell levels left.
You knew the following spells:

 Your Spells              Type           Power      Damage    Failure   Level
a - Inner Flame           Hex/Fire       0%         N/A       90%         3

Your spell library contained the following spells:

 Spells                   Type           Power      Damage    Failure   Level
 Foxfire                  Conj/Fire      0%         2x1d4     56%         1
 Blink                    Tloc           0%         N/A       71%         2
 Conjure Flame            Conj/Fire      0%         6-21      90%         3
 Gell's Gravitas          Tloc           0%         N/A       90%         3
 Lesser Beckoning         Tloc           0%         N/A       90%         3
 Teleport Other           Tloc           0%         N/A       90%         3
 Flame Wave               Conj/Fire      0%         2d4       100%        4
 Freezing Cloud           Conj/Ice/Air   0%         6-21      100%        5
 Manifold Assault         Tloc           0%         N/A       100%        5
 Simulacrum               Ice/Necr       0%         N/A       100%        6
 Polar Vortex             Ice            0%         N/A       100%        9


Dungeon Overview and Level Annotations

Branches:
Dungeon (5/15)              Sewer (visited)
 Temple: D:4-7

Altars:
Gozag
Uskayaw

Shops:
D:1 *

Annotations:
D:5 Blork the orc


Innate Abilities, Weirdness & Mutations

You have sharp fingernails.
You have sharp toenails.
Your flesh is heat resistant. (rF+)
You have an increased reservoir of magic. (+10% MP)


Message History

The puff of frost misses you.
Shoot: a) +1 hand crossbow
Press: ? - help, Q - select action, (/) - cycle Shift-Dir - straight line, f/p - Blork the orc
Aim: Blork the orc, wielding a +0 trident and wearing a +2 robe of positive energy (almost dead, fast, 72% to hit)
You shoot a bolt. The bolt closely misses Blork the orc.
Blork the orc gestures at you while chanting.
The magic dart hits you!
* * * LOW HITPOINT WARNING * * *
Blork the orc looks encouraged for a moment.
Shoot: a) +1 hand crossbow
Press: ? - help, Q - select action, (/) - cycle Shift-Dir - straight line, f/p - Blork the orc
Aim: Blork the orc, wielding a +0 trident and wearing a +2 robe of positive energy (almost dead, fast, 72% to hit)
You shoot a bolt. The bolt barely misses Blork the orc.
Blork the orc hits you from afar with a +0 trident!
* * * LOW HITPOINT WARNING * * *
Blork the orc barely misses you.
Shoot: a) +1 hand crossbow
Press: ? - help, Q - select action, (/) - cycle Shift-Dir - straight line, f/p - Blork the orc
Aim: Blork the orc, wielding a +0 trident and wearing a +2 robe of positive energy (almost dead, fast, 72% to hit)
You shoot a bolt. The bolt hits Blork the orc.
Blork the orc is almost dead.
Blork the orc hits you from afar with a +0 trident.
* * * LOW HITPOINT WARNING * * *
Blork the orc casts a spell at you. The puff of flame hits you. You resist.
* * * LOW HITPOINT WARNING * * *
Shoot: a) +1 hand crossbow
Press: ? - help, Q - select action, (/) - cycle Shift-Dir - straight line, f/p - Blork the orc
Aim: Blork the orc, wielding a +0 trident and wearing a +2 robe of positive energy (almost dead, fast, 72% to hit)
You shoot a bolt. The bolt hits Blork the orc.
Blork the orc is almost dead.
Blork the orc casts a cantrip, but nothing happens.
Blork the orc closely misses you.
Shoot: a) +1 hand crossbow
Press: ? - help, Q - select action, (/) - cycle Shift-Dir - straight line, f/p - Blork the orc
Aim: Blork the orc, wielding a +0 trident and wearing a +2 robe of positive energy (almost dead, fast, 72% to hit)
You shoot a bolt. The bolt closely misses Blork the orc.
Blork the orc hits you from afar with a +0 trident!
You die...
Your body crumbles into a pile of gold.

.. ##.
####.# ..
.J... ..
##... .
#....##.#
#.....#.#.#
#.o...#
#$#)### #@#
# #$# $ ...
.#...
####..# ..#
... .>.. $


You could see Blork the orc (fast).

Vanquished Creatures
  Grinder (D:3)
  A kobold brigand (Sewer)
  2 scorpions
  A necrophage (D:4)
  2 jellies
  Jessica (D:3)
  Terence (D:2)
  An orc wizard (D:3)
  6 adders
  4 gnolls (D:4)
  4 river rats
  9 worms
  5 dart slugs
  5 orcs
  9 ball pythons
  4 endoplasms
  6 giant cockroaches
  8 hobgoblins
  2 jackals (D:3)
  17 kobolds
  A quokka (D:1)
  2 bats (D:1)
  4 frilled lizards
  15 goblins
  12 rats
123 creatures vanquished.

Notes
Turn   | Place    | Note
-------+----------+-------------------------------------------
     0 | D:1      | siradein the Hill Orc Hunter began the quest for the Orb.
     0 | D:1      | Reached XP level 1. HP: 18/18 MP: 1/1
   305 | D:1      | Reached XP level 2. HP: 25/25 MP: 2/2
   319 | D:1      | Found a faded altar of an unknown god.
   463 | D:1      | Reached skill level 1 in Armour
   698 | D:1      | Found Ikifim's Assorted Antiques.
   728 | D:1      | Reached XP level 3. HP: 31/31 MP: 3/3
  1881 | D:2      | Noticed Terence
  1891 | D:2      | Killed Terence
  1892 | D:2      | Reached XP level 4. HP: 5/38 MP: 4/4
  2298 | D:2      | Gained mutation: You have hidden genetic potential. [potion
                  | of mutation]
  2298 | D:2      | Gained mutation: You have sharp toenails. [potion of
                  | mutation]
  2298 | D:2      | Gained mutation: Your flesh is heat resistant. (rF+)
                  | [potion of mutation]
  2377 | D:3      | Noticed Grinder
  2562 | D:3      | Killed Grinder
  2563 | D:3      | Reached XP level 5. HP: 24/47 MP: 5/5
  2563 | D:3      | Reached XP level 6. HP: 28/53 MP: 6/6
  2571 | D:3      | Gained mutation: You have sharp fingernails. [hidden
                  | potential]
  2728 | D:3      | Found a hide-covered altar of Uskayaw.
  2823 | D:3      | Noticed Jessica
  2827 | D:3      | Killed Jessica
  3112 | D:3      | Learned a level 3 spell: Inner Flame
  3213 | D:4      | Found a glowing drain.
  3224 | Sewer    | Entered a sewer
  3226 | Sewer    | Reached XP level 7. HP: 55/60 MP: 7/7
  3349 | Sewer    | Reached skill level 5 in Fighting
  3349 | Sewer    | Reached skill level 5 in Crossbows
  3355 | Sewer    | Gained mutation: You have an increased reservoir of magic.
                  | (+10% MP) [hidden potential]
  3355 | Sewer    | Lost mutation: You have hidden genetic potential. [hidden
                  | potential expressed]
  3780 | D:4      | Found an opulent altar of Gozag.
  3824 | D:4      | Became a worshipper of Gozag Ym Sagoz the Greedy
  4210 | D:5      | Entered Level 5 of the Dungeon
  4222 | D:5      | Noticed Blork the orc
  4493 | D:5      | Reached XP level 8. HP: 46/70 MP: 5/8
  4624 | D:5      | Slain by Blork the orc

Illustrated notes

Levels and vault maps discovered:
D:1:      wander_arrival_estate, layout_basic, basic_ecumenical_altar,
          serial_shops, nicolae_shop_waterfront, minmay_misc_feat_encased
D:2:      cheibrodos_greedy_goblins, layout_basic, minmay_heptomino_d4,
          uniq_terence
D:3:      layout_rooms, nicolae_uskayaw_murder_on_the_dancefloor, uniq_grinder,
          uniq_jessica
D:4:      layout_basic, nicolae_gozag_seed_capital, gup_sewer_entry_bubbles
D:5:      layout_basic, mainiacjoe_overflow_alcove_4, minmay_temple_entry_glass,
          uniq_blork_the_orc, uniq_crazy_yiuf_cottage, uniq_duvessa,
          uniq_eustachio

Skill      XL: |  1  2  3  4  5  6  7 |
---------------+----------------------+-----
Armour         | 1 3 4 |  4.6
Fighting       | 3 4 5 |  5.7
Dodging        | 2 3 |  3.9
Crossbows      | 4 5 |  5.3
Stealth        | |  0.7

Action                   |  1- 3 |  4- 6 |  7- 9 || total
-------------------------+-------+-------+-------++-------
Melee: Mace              |       |    14 |       ||    14
       Kick              |       |     4 |       ||     4
       Punch             |       |     1 |       ||     1
 Fire: Hand crossbow     |   115 |    91 |   162 ||   368
  Use: Scroll            |       |     3 |     6 ||     9
       Potion            |       |     1 |       ||     1
Armor: Leather armour    |    15 |     8 |     3 ||    26
       Ring mail         |       |       |    22 ||    22
Dodge: Dodged            |    27 |    18 |    35 ||    80

Table legend: (Time is in decaauts)
 A = Elapsed time spent in this place.
 B = Non-inter-level travel time spent in this place.
 C = Inter-level travel time spent in this place.
 D = Time resting spent in this place.
 E = Time spent auto-exploring this place.
 F = Levels seen in this place.
 G = Mean time per level.
                   A        B        C        D        E       F      G
               +--------+--------+--------+--------+--------+-----+--------+
         Total |   4843 |   4765 |     78 |    702 |   3110 |   6 |  807.2 |
       Dungeon |   4420 |   4342 |     78 |    702 |   2864 |   5 |  884.0 |
         Sewer |    422 |    422 |      0 |      0 |    245 |   1 |  422.0 |
               +--------+--------+--------+--------+--------+-----+--------+

Top non-repeatable levels by time:
     D:2: 1459 daAuts
     D:4: 1160 daAuts
     D:1: 1062 daAuts
     D:3: 665 daAuts
   Sewer: 422 daAuts
     D:5: 73 daAuts
